 Dungeon Crawl Stone Soup version 0.28.0-43-g3370ac3207 (webtiles) character file.

Game seed: 14306465249429476897

1821 Acheron the Cudgeller (level 8, -1/70 HPs)
             Began as a Minotaur Monk on Mar 23, 2022.
             Was an Elder of Okawaru.
             Slain by a centaur warrior (3 damage)
             ... on level 8 of the Dungeon.
             The game lasted 00:28:35 (7840 turns).

Acheron the Cudgeller (Minotaur Monk)               Turns: 7840, Time: 00:28:36

Health: -1/70      AC:  8    Str: 15    XL:     8   Next: 85%
Magic:  17/17      EV: 13    Int:  7    God:    Okawaru [****..]
Gold:   344        SH:  0    Dex: 16    Spells: 7/7 levels left

rFire   . . .      SeeInvis .   s - +2 morningstar (drain)
rCold   . . .      Faith    .   (no shield)
rNeg    . . .      Spirit   .   D - +0 acid dragon scales
rPois   .          Reflect  .   (helmet restricted)
rElec   .          Harm     .   (no cloak)
rCorr   +          Rampage  .   m - +0 pair of gloves
Will    .....                   (no boots)
Stlth   ++........              (no amulet)
HPRegen 0.21/turn               B - ring of magical power
MPRegen 0.15/turn               (no ring)

@: no status effects
A: horns 2, retaliatory headbutt
a: Renounce Religion, Heroism, Finesse


You were on level 8 of the Dungeon.
You worshipped Okawaru.
Okawaru was greatly pleased with you.
You visited 2 branches of the dungeon, and saw 9 of its levels.

You collected 371 gold pieces.
You spent 27 gold pieces at shops.

Inventory:

Hand Weapons
 a - a +0 war axe
 p - a +2 vampiric hand axe
 s - a +2 morningstar of draining (weapon)
 x - a +2 vorpal trident
 C - a +2 mace of holy wrath
Missiles
 b - 20 stones
 i - 6 boomerangs (quivered)
 q - 5 boomerangs of dispersal
 w - 2 atropa-tipped darts
Armour
 m - a +0 pair of gloves (worn)
 D - +0 acid dragon scales (worn)
Jewellery
 B - a ring of magical power (left hand)
Wands
 l - a wand of flame (11)
 y - a wand of iceblast (10)
Scrolls
 f - 2 scrolls of holy word
 h - a scroll of enchant armour
 v - a scroll of immolation
Potions
 c - 2 potions of berserk rage
 d - 3 potions of heal wounds
 e - a potion of flight {unknown}
 g - 2 potions of curing {unknown}
 j - a potion of magic {unknown}
 n - 3 potions of haste {unknown}
 o - 2 potions of mutation {unknown}
 r - a potion of lignification {unknown}
 u - a potion of attraction {unknown}
 z - a potion of might {unknown}
 A - a potion of brilliance {unknown}


   Skills:
 * Level 6.0 Fighting
 + Level 4.4(6.4) Axes
 * Level 7.1(7.7) Maces & Flails
 * Level 2.9 Throwing
 * Level 5.1 Armour
 * Level 5.2 Dodging
 * Level 3.3 Stealth
 * Level 2.6 Invocations
 * Level 2.4 Evocations


You had 7 spell levels left.
You didn't know any spells.
Your spell library contained the following spells:

 Spells                   Type           Power      Damage    Failure   Level
 Slow                     Hex            0%         N/A       54%         1
 Confusing Touch          Hex            0%         N/A       88%         3
 Vampiric Draining        Necr           0%         2d6       88%         3
 Orb of Destruction       Conj           0%         9d5       100%        7
 Summon Guardian Golem    Hex/Summ       Unusable   N/A       N/A         3
 Spellforged Servitor     Conj/Summ      Unusable   N/A       N/A         7

Dungeon Overview and Level Annotations

Branches:
Dungeon (8/15)             Temple (1/1) D:6
   Lair: D:8-11

Altars:
Ashenzari
Cheibriados
Dithmenos
Elyvilon
Fedhas
Gozag
Hepliaklqana
Kikubaaqudgha
Makhleb
Nemelex Xobeh
Okawaru
Qazlal
Ru
Sif Muna
Trog
Uskayaw
Vehumet
Wu Jian
Xom
Yredelemnul
Zin
The Shining One

Shops:
D:5 =   D:7 *

Annotations:
D:3 exclusion: upstairs
D:5 exclusion: downstairs
D:7 exclusion: downstairs


Innate Abilities, Weirdness & Mutations

You have a pair of horns on your head.
You reflexively headbutt those who attack you in melee.


Message History

The centaur warrior kicks you.
* * * LOW HITPOINT WARNING * * *
You completely miss the centaur warrior.
The centaur warrior is moderately wounded.
The centaur warrior barely misses you. You furiously retaliate!
You headbutt the centaur warrior. The centaur warrior closely misses you.
Unknown command.
You sock the centaur warrior! You drain the centaur warrior.
You headbutt the centaur warrior!
The centaur warrior is almost dead.
The centaur warrior misses you. x2; The centaur warrior hits you.
* * * LOW HITPOINT WARNING * * *
The centaur warrior kicks you.
* * * LOW HITPOINT WARNING * * *
You barely miss the centaur warrior.
The centaur warrior is almost dead.
The centaur warrior completely misses you.
The centaur warrior kicks you but does no damage.
The centaur warrior barely misses you.
The centaur warrior kicks you but does no damage.
Unknown command.
You hit the centaur warrior but do no damage.
You drain the centaur warrior.
The centaur warrior is almost dead.
The centaur warrior hits you!
* * * LOW HITPOINT WARNING * * *
The centaur warrior misses you. The centaur warrior hits you.
* * * LOW HITPOINT WARNING * * *
The centaur warrior kicks you but does no damage.
Unknown command.
You hit the centaur warrior. You headbutt the centaur warrior.
The centaur warrior is almost dead.
The centaur warrior hits you!
* * * LOW HITPOINT WARNING * * *
The centaur warrior kicks you but does no damage.
You barely miss the centaur warrior.
The centaur warrior is almost dead.
The centaur warrior hits you but does no damage.
The centaur warrior kicks you.
You die...

**,*******,,,*,,,,,,,,,,*,*,,,,,,
**,* #.....>.......,#.#******
,,,* #............,,#.#,,*,,,
,,,* #......#....#**#.#,,**,*
,,,* #...........# #.#,,**,*
,,*******#...........# #.#,,,,,*
,,*,,,,,,............# #.#,,,,,,
***,,,,,,.......$....####.#,,****
*,,,,,,......c@.†..)....#######
*,,,,,,.......................#
******,.................#####.#
*,!....................#.#
*,..................##.#.#
*****,..................##.#.#
****,,,,,.......###..###...##.#.#
,,,,,,,,,......#* #..# #...##.#.#
,,,,,,,,,,,,,,,* #.>* ######.#.#


You could see a centaur warrior (drained).

Vanquished Creatures
  Grinder (D:6)
  Eustachio (D:6)
  A water moccasin (D:6)
  An acid dragon (D:8)
  A black bear (D:8)
  3 phantoms (D:5)
  A bullfrog (D:8)
  A scorpion (D:4)
  A howler monkey (D:7)
  A centaur zombie (D:5)
  2 hounds (D:6)
  2 jellies
  2 bullfrog skeletons
  7 orc priests
  An iguana (D:4)
  7 orc wizards
  A hound zombie (D:5)
  A hound skeleton (D:5)
  A howler monkey zombie (D:5)
  A gnoll (D:5)
  2 adders
  A white imp (D:6)
  An ufetubus (D:7)
  2 adder zombies (D:5)
  An adder skeleton (D:4)
  4 dart slugs
  27 orcs
  5 ball pythons
  3 endoplasms (D:1)
  3 giant cockroaches (D:1)
  4 goblins
  7 hobgoblins
  3 jackals (D:3)
  3 quokkas
  2 bats
  2 frilled lizards
  6 kobolds
  6 rats
119 creatures vanquished.

Vanquished Creatures (others)
  7 plants
7 creatures vanquished.

Grand Total: 126 creatures vanquished

Notes
Turn   | Place    | Note
-------+----------+-------------------------------------------
     0 | D:1      | Acheron the Minotaur Monk began the quest for the Orb.
     0 | D:1      | Reached XP level 1. HP: 19/19 MP: 0/0
   379 | D:1      | Reached XP level 2. HP: 25/27 MP: 1/1
   404 | D:1      | You fall into a shaft and drop 1 floor!
  1034 | D:1      | Reached XP level 3. HP: 31/33 MP: 2/2
  1120 | D:1      | Found a faded altar of an unknown god.
  2020 | D:3      | Found a sacrificial altar of Ru.
  2021 | D:3      | Found a shadowy altar of Dithmenos.
  2022 | D:3      | Found an iron altar of Okawaru.
  2022 | D:3      | Found a basalt altar of Yredelemnul.
  2036 | D:3      | Became a worshipper of Warmaster Okawaru
  2036 | D:3      | Reached * piety under Okawaru
  2036 | D:3      | Reached ** piety under Okawaru
  2073 | D:3      | Reached skill level 1 in Armour
  2361 | D:4      | Found an ancient bone altar of Kikubaaqudgha.
  2555 | D:5      | Entered Level 5 of the Dungeon
  2617 | D:4      | Reached XP level 4. HP: 3/40 MP: 3/3
  3131 | D:4      | Noticed a scorpion
  3148 | D:4      | HP: 2/40 [scorpion (6)]
  3152 | D:4      | Killed a scorpion
  3153 | D:4      | Reached skill level 1 in Maces & Flails
  3153 | D:4      | Reached XP level 5. HP: 14/47 MP: 4/4
  3535 | D:4      | Found a shimmering blue altar of Sif Muna.
  3538 | D:4      | Found a shimmering altar of Xom.
  4009 | D:4      | Found a bloodstained altar of Trog.
  4009 | D:4      | Found a burning altar of Makhleb.
  4017 | D:4      | Found a blossoming altar of Fedhas.
  4019 | D:4      | Found a white marble altar of Elyvilon.
  4020 | D:4      | Found a faded altar of an unknown god.
  4104 | D:5      | Noticed a phantom
  4121 | D:5      | Killed a phantom
  4122 | D:5      | Reached skill level 1 in Throwing
  4122 | D:5      | Reached skill level 1 in Invocations
  4122 | D:5      | Reached XP level 6. HP: 32/53 MP: 5/5
  4320 | D:5      | Reached skill level 2 in Maces & Flails
  4370 | D:5      | Reached skill level 1 in Evocations
  4468 | D:6      | Noticed Grinder
  4514 | D:5      | Found Kyudwee's Jewellery Shop.
  4886 | D:5      | Reached *** piety under Okawaru
  4887 | D:5      | Reached skill level 3 in Maces & Flails
  5031 | D:5      | Reached XP level 7. HP: 42/60 MP: 7/7
  5376 | D:6      | Noticed Eustachio
  5409 | D:6      | Received a gift from Okawaru
  5410 | D:6      | Reached skill level 5 in Fighting
  5410 | D:6      | Reached skill level 4 in Maces & Flails
  5424 | D:6      | Killed Eustachio
  5661 | D:6      | Killed Grinder
  5662 | D:6      | Reached skill level 5 in Maces & Flails
  5662 | D:6      | Reached XP level 8. HP: 37/68 MP: 8/8
  5831 | D:6      | Found a staircase to the Ecumenical Temple.
  5837 | Temple   | Entered the Ecumenical Temple
  6572 | D:6      | Reached skill level 5 in Dodging
  6577 | D:6      | Reached skill level 6 in Maces & Flails
  6589 | D:6      | Reached **** piety under Okawaru
  6807 | D:6      | Found a stormy altar of Qazlal.
  7077 | D:7      | Found Maeptup's Assorted Antiques.
  7080 | D:7      | Bought a viscous blue potion for 27 gold pieces
  7648 | D:8      | Reached skill level 7 in Maces & Flails
  7648 | D:8      | Reached skill level 5 in Armour
  7825 | D:8      | Noticed a centaur warrior
  7839 | D:8      | HP: 2/70 [centaur warrior (7)]
  7840 | D:8      | Slain by a centaur warrior

Illustrated notes

Levels and vault maps discovered:
D:1:      dpeg_arrival_lava_altar, layout_basic,
          shapermc_ecumenical_altar_mp_vishouse
D:2:      layout_basic, serial_forest, infiniplex_forest_straight_2,
          infiniplex_forest_diagonal, infiniplex_forest_corner_1,
          infiniplex_forest_clump_long, infiniplex_forest_lined_4_way,
          infiniplex_forest_straight_2, infiniplex_forest_end_2,
          infiniplex_forest_clump_small, infiniplex_forest_straight_2
D:3:      kennysheep_the_goblin_king, layout_loops_ring,
          chequers_temple_overflow_statue_of_worship
D:4:      layout_loops_ring, mainiacjoe_overflow_big_doors,
          mainiacjoe_overflow_concentric_impassable,
          chequers_temple_overflow_minitemple, serial_co_window_serial,
          co_window_corner_a, co_window_paths_a, co_window_corner_a,
          co_window_paths_a, co_window_paths_b, co_window_paths_b,
          co_window_of_opportunity_a, co_window_cross_2,
          co_window_unsneaky_path_d, co_window_corner_b, co_window_broadway_b,
          co_window_corner_b, co_window_broadway_a
D:5:      layout_loops_corners, serial_shops, nicolae_lakefront_shop,
          kennysheep_diamond, serial_park_tiny_pond
D:6:      layout_cave_pods, kennysheep_mini, minmay_temple_entry_butterflies,
          uniq_grinder, uniq_eustachio
D:7:      layout_layer_cave, serial_shops, kennysheep_mini_moat
D:8:      layout_basic
Temple:   cyrus_temple_forest

Skill      XL: |  1  2  3  4  5  6  7  8 |
---------------+-------------------------+-----
Fighting       | 4 5 6 |  6.0
Axes           | 4 |  4.4
Armour         | 1 2 3 4 5 |  5.1
Stealth        | 2 3 |  3.3
Dodging        | 4 5 |  5.2
Maces & Flails | 1 3 5 7 |  7.1
Throwing       | 1 2 |  2.9
Invocations    | 1 2 |  2.6
Evocations     | 1 2 |  2.4

Action                   |  1- 3 |  4- 6 |  7- 9 || total
-------------------------+-------+-------+-------++-------
Melee: Hand axe          |   114 |     9 |       ||   123
       Headbutt          |    21 |    13 |    28 ||    62
       Punch             |     2 |     1 |     1 ||     4
       Morningstar       |     7 |    73 |   167 ||   247
  Use: Scroll            |     4 |     2 |     6 ||    12
       Potion            |       |     2 |       ||     2
 Stab: Sleeping          |     3 |       |       ||     3
Armor: Robe              |     1 |       |       ||     1
       Leather armour    |    26 |       |       ||    26
       Chain mail        |     2 |    64 |   147 ||   213
       Acid dragon scale |       |       |    13 ||    13
Dodge: Dodged            |    77 |    34 |    82 ||   193
